AoeStats
← AxD | Cad Bane

Arena

509791480Analyzed
2v2 RM · 3d ago on Sep 28, 2026· 56m 20s· 4 players
Game mode
Random Map
Map size
Medium (4 player)
Population
200
Speed
Normal
Resources
Standard
Victory
Conquest
Starting age
Dark Age
Ending age
Imperial Age
RankedLock teamsTeams togetherTeam positionsShared explorationLock speedFull tech treeHidden civsTurbo modeCheats
Victory
Defeat
🇨🇱 Varangians · Chile
1615
+15
🇦🇷 Teutons · Argentina
1547
+17
🇩🇪 Saxons · Germany
1585
-16
🇺🇸 Vietnamese · United States
1585
-16
AxD | Keiokenkun-Uno-Puro
5:54 Loom
8:29 Feudal Age
9:10 Loom
13:33 Town Watch
14:10 Fletching
16:42 Double-Bit Axe
18:49 Wheelbarrow
24:45 Castle Age
23:42 Horse Collar
26:06 Bow Saw
30:23 Fortified Wall
35:41 Imperial Age
34:18 Scale Barding Armor
34:47 Bodkin Arrow
35:37 Padded Archer Armor
34:59 Elite Skirmisher
36:07 Ballistics
37:30 Chemistry
36:47 Leather Archer Armor
38:18 Ring Archer Armor
41:41 Two-Man Saw
41:15 Siege Engineers
44:04 Chain Barding Armor
53:52 Squires
53:38 Arson
53:22 Cavalier
54:13 Bloodlines
55:32 Heavy Plow
56:18 Gold Mining
AxD | Cad Bane
6:04 Loom
8:21 Feudal Age
9:35 Fletching
17:34 Double-Bit Axe
21:49 Castle Age
20:40 Horse Collar
23:16 Bow Saw
24:25 Wheelbarrow
25:27 Town Watch
32:33 Imperial Age
30:23 Scale Mail Armor
30:50 Forging
31:25 Hand Cart
32:25 Squires
32:11 Gambesons
32:55 Chain Mail Armor
33:30 Gold Mining
33:18 Elite Varangian Guard
34:58 Plate Mail Armor
34:08 Capped Ram
36:04 Gothikon
39:13 Conscription
40:01 Two-Man Saw
39:50 Siege Ram
41:06 Heavy Plow
42:30 Iron Casting
44:33 Blast Furnace
43:28 Elite Skirmisher
44:48 Bodkin Arrow
45:29 Crop Rotation
46:22 Masonry
46:18 Siege Engineers
47:18 Arson
47:46 Bracer
47:46 Padded Archer Armor
47:37 Man-at-Arms
48:14 Long Swordsman
48:27 Pikeman
50:42 Halberdier
53:05 Architecture
52:19 Treadmill Crane
53:00 Ballistics
53:13 Architecture
BDD || Q
8:32 Loom
11:59 Feudal Age
13:21 Wheelbarrow
13:28 Double-Bit Axe
13:24 Horse Collar
13:41 Fletching
15:32 Town Watch
16:30 Gold Mining
16:32 Stone Mining
17:29 Gold Mining
23:30 Castle Age
24:12 Bodkin Arrow
24:38 Hand Cart
24:52 Bow Saw
24:33 Gold Mining
24:49 Heavy Plow
33:38 Imperial Age
32:43 Stone Shaft Mining
32:01 Gold Mining
32:27 Padded Archer Armor
33:02 Scale Mail Armor
33:12 Forging
34:21 Leather Archer Armor
35:18 Chemistry
34:42 Paper Money
35:24 Bracer
36:05 Chain Mail Armor
37:10 Leather Archer Armor
36:19 Elite Fire Lancer
38:26 Ring Archer Armor
38:18 Ballistics
38:09 Masonry
38:52 Iron Casting
38:20 Squires
38:52 Plate Mail Armor
39:34 Town Patrol
39:57 Elite Rattan Archer
42:38 Hoardings
46:51 Siege Engineers
55:06 Elite Skirmisher
55:52 Thumb Ring
BDD || J
10:28 Feudal Age
10:00 Loom
11:33 Double-Bit Axe
12:57 Fletching
13:55 Horse Collar
18:34 Castle Age
17:21 Stone Mining
19:26 Bodkin Arrow
25:21 Scale Mail Armor
25:47 Bow Saw
30:48 Wheelbarrow
30:57 Gold Mining
32:22 Hand Cart
36:34 Imperial Age
33:50 Town Watch
34:23 Squires
34:08 Arson
34:09 Gambesons
34:40 Chain Mail Armor
34:48 Town Patrol
35:06 Forging
37:47 Iron Casting
36:57 Elite Varangian Guard
38:43 Plate Mail Armor
39:04 Bracer
44:20 Shield Wall
47:01 Gold Shaft Mining
47:07 Conscription
51:11 Masonry
Connection lost

Rejoining the realm…

Still unreachable

The connection could not be restored.

Session expired

The server has moved on; the page needs a fresh start.